 Dungeon Crawl Stone Soup version 0.17-a0-1767-gccbed74 (webtiles) character file.

797 luca467 the Slasher (level 7, -2/81 HPs)
             Began as a Demonspawn Berserker on Sept 6, 2015.
             Was a Priest of Trog.
             Slain by Menkaure (9 damage)
             ... on level 5 of the Dungeon.
             The game lasted 00:23:13 (3457 turns).

luca467 the Slasher (Demonspawn Berserker)          Turns: 3457, Time: 00:23:14

Health: -2/81      AC: 11    Str: 25    XL:     7   Next: 58%
Magic:  7/7        EV:  9    Int:  8    God:    Trog [***...]
Gold:   240        SH:  0    Dex: 17    Spells: 0 memorised, 6 levels left

rFire  . . .     SeeInvis .     v - +3 long sword
rCold  . . .     Clarity  .     m - +1 chain mail
rNeg   . . .     SustAt   .     (no shield)
rPois  .         Gourm    .     (helmet restricted)
rElec  .         Spirit   .     r - +0 cloak
rCorr  .         Warding  .     (no gloves)
rMut   .         Stasis   .     (no boots)
MR     .....                    (no amulet)
Stlth  ..........               (no ring)
                                i - +5 ring of dexterity

@: berserking, very quick, not resistant to hostile enchantments, extremely
unstealthy
A: claws 1, horns 1, talons 1, powered by pain 2
a: Burn Spellbooks, Berserk, Trog's Hand, Renounce Religion


You were on level 5 of the Dungeon.
You worshipped Trog.
Trog was most pleased with you.
You were not hungry.

You visited 1 branch of the dungeon, and saw 5 of its levels.

You collected 240 gold pieces.

Inventory:

Hand weapons
 a - a +1 falchion
 v - a +3 long sword (weapon)
Missiles
 f - 4 javelins of returning (quivered)
Armour
 l - a cursed +0 scale mail
 m - a +1 chain mail (worn)
 r - a +0 cloak (worn)
Jewellery
 i - a +5 ring of dexterity (left claw)
Magical devices
 b - a wand of random effects (34)
Scrolls
 d - 3 scrolls of teleportation
 h - a scroll of remove curse
 n - a scroll of random uselessness
 p - 2 scrolls of identify
 s - a scroll of recharging {unknown}
 w - a scroll of amnesia {unknown}
 y - a scroll of fear {unknown}
 z - 2 scrolls of blinking {unknown}
Potions
 e - 3 potions of might {unknown}
 k - 2 potions of resistance {unknown}
 o - 3 potions of magic {unknown}
 q - a potion of berserk rage {unknown}
 t - a potion of ambrosia {unknown}
 u - 3 potions of curing {unknown}
 A - a potion of beneficial mutation {unknown}
Comestibles
 c - 3 bread rations
 g - a beef jerky
 j - 2 meat rations


   Skills:
 - Level 4.2 Fighting
 * Level 7.3 Long Blades
 - Level 3.0 Armour
 - Level 1.7 Dodging


You had 6 spell levels left.
You didn't know any spells.

Dungeon Overview and Level Annotations

Branches:
Dungeon (5/15)             Temple (0/1) D:5

Altars:
Ashenzari
Dithmenos
Elyvilon
Kikubaaqudgha
Nemelex Xobeh
Qazlal
Ru

Annotations:
D:5 Menkaure


Innate Abilities, Weirdness & Mutations

You have sharp fingernails.
You have a pair of small horns on your head.
You have sharp toenails.
You sometimes gain power by taking damage.


Message History

Menkaure gestures at you while chanting.
Pain shoots through your body!
The hound zombie bites you but does no damage.
You slash Menkaure! You claw Menkaure.
Menkaure is heavily damaged.
Menkaure closely misses you.
The hound zombie bites you but does no damage.
You hit Menkaure.
Menkaure is severely damaged.
Menkaure closely misses you.
The hound zombie bites you but does no damage.
Menkaure hits you!
* * * LOW HITPOINT WARNING * * *
Use which ability?
A red film seems to cover your vision as you go berserk!
You feel yourself moving faster!
You feel mighty!
You feel somewhat more hungry.
The hound zombie bites you but does no damage.
Menkaure hits you!
You die...

...#.....#.....#
...#.#'#.#.....# +#
...'.#>#.+.....## ...
##+#.###.#......+ ....
...#.....#.....###+#...>
...###+###.....#........
....# #.....'........
....+ #.....#........
....# ..#+##+##@....(..
....# .....<..MZ#######
....# .........S# ....#
..........# ....#
..........# ....+
.....###+#.$ ....# .....
... ....##+######. ....#
#+####....... .....


You could see Menkaure, an adder and a hound zombie.

Vanquished Creatures
  Sigmund (D:2)
  An ice beast (D:5)
  2 centaurs
  An ogre (D:4)
  A scorpion (D:4)
  3 hounds
  A worker ant zombie (D:5)
  9 adders
  A shadow imp (D:5)
  4 oozes
  An adder skeleton (D:4)
  2 worms (D:2)
  2 orcs (D:3)
  6 hobgoblins
  10 jackals
  6 kobolds
  2 quokkas
  6 bats
  A giant cockroach (D:4)
  4 giant geckos
  A giant gecko skeleton (D:5)
  3 giant newts
  7 goblins
  3 rats
78 creatures vanquished.

Notes
Turn   | Place    | Note
--------------------------------------------------------------
     0 | D:1      | luca467 the Demonspawn Berserker began the quest for the Orb.
     0 | D:1      | Reached XP level 1. HP: 18/18 MP: 1/1
     6 | D:1      | Noticed a six-headed hydra
     6 | D:1      | Noticed a water moccasin
     6 | D:1      | Noticed a hog
     6 | D:1      | Noticed a black bear
   262 | D:1      | Gained mutation: You have sharp fingernails. [demonic ancestry]
   262 | D:1      | Reached XP level 2. HP: 22/24 MP: 2/2
   456 | D:1      | You fall through a shaft!
   456 | D:2      | Found a sacrificial altar of Ru.
   467 | D:2      | Gained mutation: You have a pair of small horns on your head. [demonic ancestry]
   467 | D:2      | Reached XP level 3. HP: 12/29 MP: 3/3
   938 | D:2      | Noticed Sigmund
   951 | D:2      | Killed Sigmund
   951 | D:2      | Reached skill level 4 in Long Blades
   951 | D:2      | Reached XP level 4. HP: 23/37 MP: 4/4
   951 | D:2      | Gained mutation: You sometimes gain a little power by taking damage. [demonic ancestry]
   951 | D:2      | Reached XP level 5. HP: 26/42 MP: 5/5
   958 | D:2      | Acquired Trog's second power
  1080 | D:2      | Found a stormy altar of Qazlal.
  1728 | D:3      | Found an ancient bone altar of Kikubaaqudgha.
  2229 | D:3      | Found a white marble altar of Elyvilon.
  2251 | D:3      | Gained mutation: You have sharp toenails. [demonic ancestry]
  2251 | D:3      | Reached XP level 6. HP: 44/48 MP: 6/6
  2387 | D:4      | Reached skill level 5 in Long Blades
  2680 | D:4      | Received a gift from Trog
  2680 | D:4      | Reached skill level 6 in Long Blades
  2680 | D:4      | Gained mutation: You sometimes gain power by taking damage. [demonic ancestry]
  2680 | D:4      | Reached XP level 7. HP: 47/54 MP: 7/7
  2996 | D:5      | Entered Level 5 of the Dungeon
  3052 | D:5      | Found a sparkling altar of Nemelex Xobeh.
  3055 | D:5      | Found a shattered altar of Ashenzari.
  3058 | D:5      | Found a shadowy altar of Dithmenos.
  3069 | D:5      | Found a shattered altar of Ashenzari.
  3179 | D:5      | Reached skill level 7 in Long Blades
  3412 | D:5      | Found a staircase to the Ecumenical Temple.
  3443 | D:5      | Noticed Menkaure
  3457 | D:5      | Slain by Menkaure

Vault maps used:
D:1:      onia_arrival_zoo_common
D:2:      nicolae_qazlal_eye_of_the_storm, lemuel_round_altar, uniq_sigmund
D:3:      kiku_gazebo_pond_becter, lemuel_crystal_altar, first_bread
D:4:      grunt_decor_fettered
D:5:      grunt_temple_overflow_diamond, minmay_temple_entry_glassed_door,
          cheibrodos_ashenzari_chains, uniq_menkaure

Action                   |  1- 3 |  4- 6 |  7- 9 || total
-------------------------+-------+-------+-------++-------
Melee: Falchion          |    79 |   154 |    13 ||   246
       Long sword        |       |       |    45 ||    45
Invok: Berserk           |     1 |       |     1 ||     2
  Use: Scroll            |       |     8 |     1 ||     9
 Stab: Sleeping          |     2 |       |       ||     2
  Eat: Chunk             |       |     5 |     3 ||     8
       Beef jerky        |       |     1 |       ||     1
